AoeStats
← [OKMPO]Carlitos

Nomad

504657834Analyzed
2v2 RM · 27d ago on Sep 6, 2026· 60m 56s· 4 players
Game mode
Random Map
Map size
176×176
Population
200
Speed
Normal
Resources
Standard
Victory
Conquest
Starting age
Dark Age
Ending age
Imperial Age
RankedLock teamsTeams togetherTeam positionsShared explorationLock speedFull tech treeHidden civsTurbo modeCheats
Victory
Defeat
🇦🇷 Italians · Argentina
1035
+18
🇦🇷 Franks · Argentina
1035
+18
🇲🇽 Mongols · Mexico
1095
-27
🇦🇺 Khmer · Australia
1066
-17
trashdog
11:12 Loom
13:25 Feudal Age
17:50 Double-Bit Axe
21:48 Castle Age
20:36 Bloodlines
20:59 Scale Barding Armor
21:34 Forging
23:55 Chain Barding Armor
24:01 Husbandry
42:15 Light Cavalry
44:22 Tusk Swords
50:14 Tusk Swords
Cletus1988
5:25 Loom
12:54 Feudal Age
14:51 Double-Bit Axe
17:22 Castle Age
17:03 Fletching
18:41 Bodkin Arrow
29:58 Padded Archer Armor
31:05 Fishing Lines
34:46 Ballistics
45:19 Imperial Age
43:20 Nomads
45:20 Bloodlines
45:10 Husbandry
46:56 Bow Saw
51:30 Chemistry
51:16 Wheelbarrow
51:59 Bracer
52:11 Forging
52:07 Scale Barding Armor
57:08 Hand Cart
[OKMPO]Carlitos
4:54 Loom
13:39 Feudal Age
15:02 Town Watch
15:05 Double-Bit Axe
17:36 Man-at-Arms
22:54 Castle Age
20:50 Gold Mining
20:52 Fishing Lines
22:01 Stone Mining
23:39 Husbandry
26:10 Scale Barding Armor
26:16 Forging
28:57 Iron Casting
34:58 Elite Skirmisher
39:49 Bow Saw
39:57 Fletching
45:32 Imperial Age
44:08 Ballistics
46:06 Wheelbarrow
45:52 Cavalier
51:13 Chain Barding Armor
53:25 Chemistry
52:32 Bodkin Arrow
fede_08
4:49 Loom
5:34 Loom
13:50 Feudal Age
15:06 Double-Bit Axe
16:06 Fishing Lines
17:40 Gold Mining
21:55 Castle Age
22:06 Fletching
22:17 Padded Archer Armor
22:10 Crossbowman
22:56 Thumb Ring
24:58 Bodkin Arrow
29:31 Leather Archer Armor
31:27 Pikeman
32:45 Squires
36:38 Imperial Age
37:28 Imperial Age
37:54 Murder Holes
38:34 Conscription
40:19 Chemistry
39:31 Town Watch
42:14 Arbalester
47:51 Treadmill Crane
54:12 Bracer
54:43 Ring Archer Armor
54:48 Fervor
57:59 Ballistics
Connection lost

Rejoining the realm…

Still unreachable

The connection could not be restored.

Session expired

The server has moved on; the page needs a fresh start.